 Dungeon Crawl Stone Soup version 0.26.1-11-gd32895ea62 (webtiles) character file.

Game seed: 11913396232931973017

53 nothank2 the Shield-Bearer (level 3, 0/24 HPs)
             Began as a Gargoyle Fighter on June 22, 2021.
             Slain by a gnoll
             ... wielding a +0 halberd
              (2 damage)
             ... on level 2 of the Dungeon.
             The game lasted 00:02:35 (1559 turns).

nothank2 the Shield-Bearer (Gargoyle Fighter)       Turns: 1559, Time: 00:02:35

Health: 0/24       AC: 10    Str: 20    XL:     3   Next: 89%
Magic:  3/3        EV:  7    Int:  8    God:
Gold:   58         SH:  9    Dex:  9    Spells: 2/2 levels left

rFire    + . .     SeeInvis .   a - +0 flail
rCold    . . .     Faith    .   c - +0 kite shield
rNeg     + . .     Spirit   .   b - +0 scale mail
rPois    ∞         Reflect  .   (no helmet)
rElec    +         Harm     .   (no cloak)
rCorr    .         Rampage  .   (no gloves)
Will     .....                  (no boots)
Stlth    ..........             (no amulet)
HPRegen  0.08/turn              h - ring of protection from fire
MPRegen  0.08/turn              (no ring)

@: no status effects
A: negative energy resistance 1, electricity resistance, unbreathing,
petrification resistance, miasma immunity, AC +3
a: no special abilities


You were on level 2 of the Dungeon.
You visited 1 branch of the dungeon, and saw 2 of its levels.

You collected 58 gold pieces.

Inventory:

Hand Weapons
 a - a +0 flail (weapon)
Missiles
 f - 19 poisoned darts (quivered)
Armour
 b - a +0 scale mail (worn)
 c - a +0 kite shield (worn)
Jewellery
 h - a ring of protection from fire (left hand)
Scrolls
 g - 2 scrolls of identify {unknown}
 i - a scroll of noise {unknown}
Potions
 d - 2 potions of might
 e - 2 potions of lignification {unknown}


   Skills:
 + Level 3.7 Fighting
 + Level 2.8 Maces & Flails
 + Level 3.8 Armour
 + Level 3.8 Shields


You had 2 spell levels left.
You didn't know any spells.
Your spell library was empty.

Dungeon Overview and Level Annotations

Branches:
Dungeon (2/15)

Altars:


Innate Abilities, Weirdness & Mutations

You are resistant to torment.
Your stone body is resilient. (AC +3)
You are immune to poison.
You resist negative energy. (rN+)
You are resistant to electric shocks. (rElec)
You can survive without breathing.
You are immune to petrification.
You are immune to miasma.


Message History

The gnoll hits you but does no damage.
You closely miss the leopard gecko. You block the gnoll's attack.
The leopard gecko bites you but does no damage.
The gnoll completely misses you. The gnoll hits you but does no damage.
You block the gnoll's attack.
The leopard gecko bites you but does no damage.
The gnoll hits you with a +0 halberd. The leopard gecko bites you.
You block the gnoll's attack. The gnoll hits you with a +0 halberd!
* * * LOW HITPOINT WARNING * * *
The gnoll hits you but does no damage.
You hit the gnoll but do no damage. You block the leopard gecko's attack.
The gnoll barely misses you. You block the gnoll's attack.
The gnoll closely misses you.
The leopard gecko bites you but does no damage.
You closely miss the gnoll. The gnoll hits you with a +0 whip.
* * * LOW HITPOINT WARNING * * *
The leopard gecko bites you but does no damage.
The gnoll hits you from afar with a +0 halberd.
You die...

#..(†).#.#.....##.######.##.#
#####....#..#..##...........#
#..........#..##..........#
...###....#.#.>#...........#
## #...#....#...........#
#...................#
......##...........#
.#.......l.........#
.......@.g........#
.......gg[........#
...........#####..#
.#.....#.#.####..##
#.....#.#....#.##
#.....#.####...######
#.##..#.# ##.......# #.
#..#.# ##.####.# # #..#.#
#..g....#


You could see 3 gnolls and a leopard gecko.

Vanquished Creatures
  A gnoll (D:1)
  An ooze (D:2)
  A dart slug (D:1)
  2 leopard geckos
  A ball python (D:1)
  5 goblins (D:1)
  3 hobgoblins
  6 jackals
  2 bats (D:1)
  3 frilled lizards (D:1)
  4 kobolds
  3 rats (D:1)
32 creatures vanquished.

Notes
Turn   | Place    | Note
-------+----------+-------------------------------------------
     0 | D:1      | nothank2 the Gargoyle Fighter began the quest for the Orb.
     0 | D:1      | Reached XP level 1. HP: 14/14 MP: 1/1
   299 | D:1      | Reached XP level 2. HP: 19/19 MP: 2/2
   856 | D:1      | Reached XP level 3. HP: 24/24 MP: 3/3
  1559 | D:2      | Slain by a gnoll

Illustrated notes

Levels and vault maps discovered:
D:1:      matt_arrival_los_fun, layout_loops_ring
D:2:      minmay_chambers_of_twos, layout_rooms

Action                   || total
-------------------------++-------
Melee: Flail             ||   137
Armor: Scale mail        ||    76
Dodge: Dodged            ||    47
Block: Kite shield       ||    78
